 Seeded DCSS version 0.28-a0-861-ge64d6db94f (webtiles) character file.

Game seed: 20211113 (custom seed)

3661 a11behringer the Basher (level 9, -3/79 HPs)
             Began as a Minotaur Berserker on Nov 16, 2021.
             Was a Priest of Trog.
             Slain by a gnoll sergeant (6 damage)
             ... on level 9 of the Dungeon.
             The game lasted 00:25:42 (7894 turns).

a11behringer the Basher (Minotaur Berserker)        Turns: 7894, Time: 00:25:42

Health: -3/79      AC: 15    Str: 23    XL:     9   Next: 89%
Magic:  8/8        EV:  9    Int:  4    God:    Trog [***...]
Gold:   124        SH:  0    Dex: 12    Spells: 8/8 levels left

rFire   . . .      SeeInvis .   b - +4 dire flail (freeze)
rCold   . . .      Faith    .   (shield currently unavailable)
rNeg    . . .      Spirit   .   n - +0 chain mail
rPois   .          Reflect  .   (helmet restricted)
rElec   .          Harm     .   B - +0 cloak
rCorr   .          Rampage  .   y - +0 pair of gloves {Stlth+}
Will    ++...                   i - +0 pair of boots
Stlth   ..........              k - amulet of the acrobat
HPRegen 1.23/turn               (no ring)
MPRegen 0.11/turn               (no ring)

@: lethally poisoned (-3 -> -5), strong-willed (expiring), on berserk cooldown,
regenerating (expiring), slowed, studying Armour, very slow
A: horns 2, retaliatory headbutt
a: Renounce Religion, Berserk, Trog's Hand


You were on level 9 of the Dungeon.
You worshipped Trog.
Trog was most pleased with you.
You visited 1 branch of the dungeon, and saw 9 of its levels.

You collected 311 gold pieces.
You spent 187 gold pieces at shops.

Inventory:

Hand Weapons
 a - a +0 mace
 b - a +4 dire flail of freezing (weapon)
 j - a +4 shortbow of freezing
 m - a +0 vorpal flail
 p - a +2 flail of protection
 x - the +4 dagger "Haygue" {vamp, rN+ Int+3}
   (You found it on level 6 of the Dungeon)

   It occasionally heals its wielder for a portion of the damage dealt when it
   wounds a living foe.
   Int:       It affects your intelligence (+3).
   rN:        It protects you from negative energy.
Missiles
 h - 154 arrows
 l - 2 throwing nets (quivered)
Armour
 f - a +0 tower shield
 i - a +0 pair of boots (worn)
 n - a +0 chain mail (worn)
 t - a +0 buckler
 y - a +0 pair of gloves of stealth (worn)
 B - a +0 cloak (worn)
 E - a +2 ring mail of poison resistance
Jewellery
 k - an amulet of the acrobat (around neck)
Wands
 F - a wand of acid (9)
 G - a wand of polymorph (12)
Scrolls
 e - 6 scrolls of teleportation {unknown}
 v - 2 scrolls of enchant weapon
 w - 2 scrolls of brand weapon {unknown}
 z - a scroll of magic mapping
 A - 2 scrolls of amnesia {unknown}
 C - a scroll of immolation
 H - 2 scrolls of identify
Potions
 c - a potion of attraction
 d - a potion of berserk rage
 g - 5 potions of curing
 o - a potion of heal wounds
 q - 4 potions of invisibility
 r - a potion of flight
 s - 3 potions of mutation
 u - a potion of haste


   Skills:
 + Level 7.3 Fighting
 * Level 13.6 Maces & Flails
 * Level 8.1 Armour
 - Level 3.7 Dodging
 - Level 2.7 Shields


You had 8 spell levels left.
You didn't know any spells.
Your spell library was empty.

Dungeon Overview and Level Annotations

Branches:
Dungeon (9/15)             Temple (0/1) D:4
   Lair: D:8-11         Orc: D:9-12

Altars:
Ru

Shops:
D:3 [   D:9 [

Annotations:
D:4 2 transporters
D:5 1 runed translucent door, Encipher's ghost, amateur NaWr


Innate Abilities, Weirdness & Mutations

You have a pair of horns on your head.
You reflexively headbutt those who attack you in melee.


Message History

You feel as though you will be slow longer.
The hornet stings you but does no damage.
The gnoll hits you from afar with a +2 halberd of protection.
The gnoll hits you but does no damage.
The hornet stings you but does no damage.
The gnoll sergeant hits you but does no damage.
The gnoll hits you from afar with a +0 halberd!
You struggle against the net.
The hornet stings you but does no damage.
The gnoll hits you from afar with a +2 halberd of protection!
* * * LOW HITPOINT WARNING * * *
The gnoll hits you but does no damage.
The gnoll sergeant hits you from afar with a +0 spear!
* * * LOW HITPOINT WARNING * * *
The gnoll hits you but does no damage.
The hornet stings you but does no damage.
The gnoll hits you from afar with a +2 halberd of protection.
* * * LOW HITPOINT WARNING * * *
The gnoll hits you with a +0 flail.
* * * LOW HITPOINT WARNING * * *
You rip the net and break free!
The hornet barely misses you.
The gnoll sergeant hits you but does no damage.
The gnoll hits you but does no damage.
The hornet stings you but does no damage.
The gnoll closely misses you. x2
The gnoll hits you from afar with a +0 halberd.
* * * LOW HITPOINT WARNING * * *
The gnoll sergeant hits you but does no damage.
You hit the hornet. You freeze the hornet.
The hornet is moderately wounded.
You feel the effects of Trog's Hand fading.
The hornet stings you.
* * * LOW HITPOINT WARNING * * *
You are poisoned.
You feel as though you will be slow longer.
The gnoll barely misses you. The gnoll hits you but does no damage.
The hornet stings you but does no damage.
The gnoll barely misses you.
The gnoll sergeant hits you from afar with a +0 spear.
You die...

...............
................
.................
.................#
.................#
.....ggg..........
......yg..........
).....g@g........!
..................#
.#...........#+# .#
##..........#.#..##
####.......#.#...
####....#∩#.#
####.'.≈# #.'.≈#
###<##


You could see a hornet, a gnoll sergeant and 5 gnolls.

Vanquished Creatures
  A two-headed ogre (D:8)
  A shadow (D:7)
  A wyvern (D:7)
  Duvessa (D:4)
  A sky beast (D:7)
  A hornet zombie (D:6)
  An orc warrior (D:7)
  A black bear (D:7)
  4 ogres
  A centaur (D:6)
  A phantom (D:6)
  2 bullfrogs (D:6)
  A gnoll sergeant (D:5)
  Dowan (D:4)
  2 water moccasin skeletons
  5 killer bees (D:7)
  5 wights (D:4)
  2 howler monkeys
  A jelly (D:6)
  A hound (D:4)
  7 orc priests
  3 bullfrog skeletons
  A centaur skeleton (D:6)
  A gnoll shaman (D:7)
  Jessica (D:3)
  Terence (D:3)
  An iguana (D:5)
  6 orc wizards
  A hound zombie (D:5)
  Robin (D:4)
  12 gnolls
  7 adders
  A white imp (D:6)
  An ufetubus (D:6)
  A worm (D:4)
  3 dart slugs
  23 orcs
  5 endoplasms
  A giant cockroach (D:2)
  16 goblins
  9 hobgoblins
  4 jackals (D:1)
  6 kobolds
  2 quokkas
  5 ball pythons
  A bat (D:2)
  A frilled lizard (D:2)
  A rat (D:2)
156 creatures vanquished.

Vanquished Creatures (others)
  A plant (D:2)
  2 withered plants (D:5)
3 creatures vanquished.

Grand Total: 159 creatures vanquished

Notes
Turn   | Place    | Note
-------+----------+-------------------------------------------
     0 | D:1      | a11behringer the Minotaur Berserker began the quest for the
                  | Orb.
     0 | D:1      | Reached XP level 1. HP: 19/19 MP: 0/0
   276 | D:1      | Reached skill level 4 in Maces & Flails
   276 | D:1      | Reached XP level 2. HP: 25/27 MP: 1/1
  1208 | D:2      | Reached XP level 3. HP: 33/33 MP: 2/2
  1877 | D:3      | Reached skill level 5 in Maces & Flails
  1955 | D:3      | Reached XP level 4. HP: 21/40 MP: 3/3
  2203 | D:3      | Noticed Terence
  2212 | D:3      | Killed Terence
  2213 | D:3      | Reached XP level 5. HP: 39/47 MP: 4/4
  2534 | D:3      | Found a sacrificial altar of Ru.
  2601 | D:3      | Found Syottois's Antique Armour Shoppe.
  2766 | D:3      | Noticed Jessica
  2776 | D:3      | Reached skill level 6 in Maces & Flails
  2776 | D:3      | Killed Jessica
  2776 | D:3      | Reached ** piety under Trog
  3152 | D:4      | Found a transporter.
  3181 | D:4      | Reached XP level 6. HP: 39/53 MP: 5/5
  3201 | D:4      | Found a transporter.
  3278 | D:4      | Reached skill level 7 in Maces & Flails
  3527 | D:4      | Noticed Robin
  3538 | D:4      | Killed Robin
  3553 | D:4      | Reached skill level 8 in Maces & Flails
  3618 | D:4      | Found a staircase to the Ecumenical Temple.
  3663 | D:4      | Reached XP level 7. HP: 60/60 MP: 6/6
  3680 | D:4      | Noticed Dowan
  3681 | D:4      | Noticed Duvessa
  3694 | D:4      | Killed Dowan
  3695 | D:4      | Reached skill level 5 in Fighting
  3697 | D:4      | Killed Duvessa
  3837 | D:4      | Reached skill level 9 in Maces & Flails
  4197 | D:4      | Reached *** piety under Trog
  4490 | D:5      | Entered Level 5 of the Dungeon
  4797 | D:5      | Reached XP level 8. HP: 69/69 MP: 7/7
  4846 | D:5      | Reached skill level 10 in Maces & Flails
  4848 | D:5      | Reached skill level 5 in Armour
  4879 | D:5      | Found a runed translucent door.
  4879 | D:5      | Noticed Encipher's ghost (amateur NaWr)
  5598 | D:6      | Identified the +4 dagger "Haygue" {vamp, rN+ Int+3}
  5650 | D:6      | Reached skill level 11 in Maces & Flails
  6245 | D:7      | Reached skill level 1 in Shields
  6245 | D:7      | Reached XP level 9. HP: 55/78 MP: 8/8
  6476 | D:7      | Reached skill level 12 in Maces & Flails
  6872 | D:7      | Reached **** piety under Trog
  7276 | D:8      | Reached skill level 13 in Maces & Flails
  7383 | D:8      | Identified a scroll of acquirement
  7383 | D:8      | Acquired a manual of Armour
  7502 | D:8      | Noticed a two-headed ogre
  7509 | D:8      | Killed a two-headed ogre
  7865 | D:9      | Found Amepleps's Antique Armour Emporium.
  7869 | D:9      | Bought a pair of glowing gloves for 187 gold pieces
  7883 | D:9      | Paralysed by a hornet for 3 turns
  7894 | D:9      | HP: 3/79 [hornet (5)]
  7894 | D:9      | Slain by a gnoll sergeant

Illustrated notes

Levels and vault maps discovered:
D:1:      minmay_arrival_four_loops, layout_loops_ring
D:2:      layout_loops_ring, serial_forest, infiniplex_forest_clump_medium,
          infiniplex_forest_straight_1, infiniplex_forest_straight_2,
          infiniplex_forest_split
D:3:      layout_basic, mainiacjoe_overflow_boulevard, serial_shops,
          nicolae_shop_overgrown_old_shop, minmay_surrounded, uniq_jessica,
          uniq_terence
D:4:      gammafunk_wand_slinger, layout_loops_ring, minmay_temple_entry_glass,
          uniq_robin, uniq_duvessa
D:5:      layout_rooms, gammafunk_ghost_grave, minmay_misc_feat_columns,
          kennysheep_another_room, solitary_fountain,
          chequers_serial_rivers_small_3
D:6:      layout_loops_ring
D:7:      layout_rooms, minmay_checkerbox
D:8:      layout_basic, nrook_mini_backslash
D:9:      layout_cave_pods, serial_shops, nicolae_shop_advertising_works
          [nicolae_subvault_shop_adworks], shop, nicolae_shop_hallway_stairs,
          nicolae_shop_behind_doors, nicolae_shop_trees,
          minmay_shop_grid_forest, uniq_harold, uniq_joseph

Skill      XL: |  1  2  3  4  5  6  7  8  9 |
---------------+----------------------------+-----
Maces & Flails | 4 5 6 8 9 11 13 | 13.6
Fighting       | 4 5 6 7 |  7.3
Dodging        | 3 |  3.7
Armour         | 3 4 6 8 |  8.1
Shields        | 1 2 |  2.7

Action                   |  1- 3 |  4- 6 |  7- 9 || total
-------------------------+-------+-------+-------++-------
Melee: Mace              |    57 |       |       ||    57
       Headbutt          |     8 |    13 |    53 ||    74
       Flail             |       |   106 |   210 ||   316
       Dire flail        |       |       |    28 ||    28
Invok: Berserk           |     1 |     2 |     6 ||     9
       Trog's Hand       |       |       |     6 ||     6
  Use: Scroll            |       |     4 |    11 ||    15
       Potion            |       |     1 |       ||     1
Armor: Animal skin       |     9 |       |       ||     9
       Chain mail        |       |    43 |   119 ||   162
Dodge: Dodged            |    32 |    46 |   125 ||   203
Block: Buckler           |       |       |    20 ||    20

Table legend: (Time is in decaauts)
 A = Elapsed time spent in this place.
 B = Non-inter-level travel time spent in this place.
 C = Inter-level travel time spent in this place.
 D = Time resting spent in this place.
 E = Time spent auto-exploring this place.
 F = Levels seen in this place.
 G = Mean time per level.
                   A        B        C        D        E       F      G
               +--------+--------+--------+--------+--------+-----+--------+
         Total |   7962 |   6939 |   1023 |      0 |   5914 |   9 |  884.7 |
       Dungeon |   7962 |   6939 |   1023 |      0 |   5914 |   9 |  884.7 |
               +--------+--------+--------+--------+--------+-----+--------+

Top non-repeatable levels by time:
     D:3: 1387 daAuts
     D:4: 1359 daAuts
     D:7: 1160 daAuts
     D:2: 1008 daAuts
     D:6: 986 daAuts
     D:1: 785 daAuts
     D:5: 708 daAuts
     D:8: 537 daAuts
     D:9: 29 daAuts
